[Event "Titled Tuesday Blitz June 22 2021"]
[White "Perez Gormaz, Matias"]
[Black "Mikhalsky, Vladimir"]
[WhiteFideId "3406342"]
[BlackFideId "14144352"]
[WhiteElo "2414"]
[BlackElo "2280"]
[Result "0-1"]
[Round "11"]
[TimeControl "180+1"]
[Date "2021.06.22"]
[WhiteClock "0:00:54"]
[BlackClock "0:01:18"]

1. e4 g6 2. d4 Bg7 3. Nc3 d6 4. Be3 a6 5. g4 h5 6. gxh5 Rxh5 7. Be2 Rh8 8. h4 Nf6 9. h5 gxh5 10. Bxh5 Bg4 11. Bxg4 Rxh1 12. Kf1 Nc6 13. Kg2 Rh4 14. Bf3 Bh6 15. Qd2 Bxe3 16. Qxe3 e5 17. Nge2 Qd7 18. d5 Qh3+ 19. Kg1 Nd4 20. Bg2 Qh2+ 21. Kf1 Nxc2 22. Qg5 Nxa1 23. Qxf6 Rh6 24. Qg5 Rg6 0-1


[Site "https://www.chess.com"]

[Event "Titled Tuesday Blitz June 22 2021"]
[White "Ponikarovsky, Alexey"]
[Black "Materia, Marco"]
[WhiteFideId "4122887"]
[BlackFideId "45150451"]
[WhiteElo "1944"]
[BlackElo "2668"]
[Result "1-0"]
[Round "11"]
[TimeControl "180+1"]
[Date "2021.06.22"]
[WhiteClock "0:00:56"]
[BlackClock "0:00:11"]

1. e4 c5 2. d4 cxd4 3. Nf3 Nc6 4. Bc4 e6 5. O-O Bc5 6. Qe2 Nge7 7. Bg5 O-O 8. c3 dxc3 9. Nxc3 h6 10. Bh4 a6 11. Rfd1 d6 12. e5 d5 13. Ne4 Ba7 14. Bb3 Qc7 15. Nd6 Ng6 16. Bg3 Bd7 17. Rac1 b5 18. Bc2 Qb6 19. h4 Nge7 20. Bb1 f5 21. exf6 Rxf6 22. h5 Raf8 23. Qd3 Nf5 24. Nxf5 Rxf5 25. Nh4 Rxf2 26. Qh7+ Kf7 27. Bg6+ Kf6 28. Kh1 Qa5 29. Bxf2 Bxf2 30. Rf1 Qd2 31. Nf3 Qf4 32. Bb1 Ne7 33. Nh2 Kf7 34. Rc2 Ke8 35. Rcxf2 Qxf2 36. Rxf2 Rxf2 37. Qxg7 Rd2 38. Qh8+ Kf7 39. Bg6+ Nxg6 40. hxg6+ Kxg6 41. Nf3 Rd1+ 42. Kh2 Kf5 43. Qxh6 Ke4 44. Qh7+ Ke3 45. Qxd7 d4 46. Qxe6+ Kf2 47. Qxa6 d3 48. Qxb5 d2 49. Nxd2 Rxd2 50. Qf5+ Ke3 51. Qg5+ Ke2 52. Qxd2+ Kxd2 53. a4 1-0


[Site "https://www.chess.com"]

[Event "Titled Tuesday Blitz June 22 2021"]
[White "Potapova, Margarita"]
[Black "Agrest, Inna"]
[WhiteFideId "14126869"]
[BlackFideId "1708830"]
[WhiteElo "2229"]
[BlackElo "2095"]
[Result "1-0"]
[Round "11"]
[TimeControl "180+1"]
[Date "2021.06.22"]
[WhiteClock "0:00:06"]
[BlackClock "0:00:07"]

1. d4 Nf6 2. c4 g6 3. Nc3 Bg7 4. e4 d6 5. h3 O-O 6. Be3 Na6 7. Nf3 e5 8. d5 Nh5 9. g3 f5 10. exf5 gxf5 11. Ng5 Qe8 12. Be2 Nf6 13. Bd2 Nc5 14. Qc2 a5 15. O-O-O c6 16. g4 b5 17. dxc6 b4 18. Nd5 Nxd5 19. cxd5 e4 20. gxf5 Bxf5 21. Be3 b3 22. axb3 Nxb3+ 23. Qxb3 Rb8 24. Bb6 Qe5 25. c7 Rb7 26. Ne6 Bh6+ 27. Kb1 Rc8 28. Rhg1+ Kf7 29. Bh5+ Ke7 30. Ka1 a4 31. Qb4 a3 32. Qxa3 Rxb6 33. Nd4 Rxc7 34. Nc6+ Rcxc6 35. dxc6 Bg7 36. Rxg7+ Qxg7 37. Qa7+ Kf6 38. Qxb6 1-0


[Site "https://www.chess.com"]

[Event "Titled Tuesday Blitz June 22 2021"]
[White "Region_07"]
[Black "Saravana, Krishnan P."]
[BlackFideId "5018382"]
[WhiteElo "2348"]
[BlackElo "2245"]
[Result "1-0"]
[Round "11"]
[TimeControl "180+1"]
[Date "2021.06.22"]
[WhiteClock "0:00:14"]
[BlackClock "0:00:58"]

1. d4 Nf6 2. Bg5 Ne4 3. h4 c5 4. dxc5 Qa5+ 5. Nd2 Nxg5 6. hxg5 Qxc5 7. g6 fxg6 8. e3 d5 9. Bd3 Qd6 10. Ngf3 Bf5 11. e4 dxe4 12. Nxe4 Qb6 13. Qe2 Nd7 14. O-O-O e6 15. Neg5 O-O-O 16. Nf7 Bc5 17. Nxh8 Rxh8 18. Ne5 Nxe5 19. Qxe5 Bd4 20. Qb5 Bxd3 21. Qxb6 Bxb6 22. Rxd3 Bxf2 23. Rf1 Bh4 24. Rf7 Bf6 25. Rdd7 Rd8 26. Rc7+ Kb8 27. Rxb7+ Ka8 28. Rxa7+ Kb8 29. c3 e5 30. Rad7 Re8 31. Rb7+ Ka8 32. Ra7+ Kb8 33. Rfb7+ Kc8 34. Ra8+ Kxb7 35. Rxe8 h5 36. a4 Kc6 37. Kd2 Kd7 38. Rh8 h4 39. a5 g5 40. a6 g6 41. Rg8 h3 42. gxh3 e4 43. a7 e3+ 44. Kxe3 Bd4+ 45. Kxd4 1-0


[Site "https://www.chess.com"]

[Event "Titled Tuesday Blitz June 22 2021"]
[White "Reprintsev, Alexander"]
[Black "Serikbay, Assel"]
[WhiteFideId "14100541"]
[BlackFideId "13706799"]
[WhiteElo "2126"]
[BlackElo "2044"]
[Result "1-0"]
[Round "11"]
[TimeControl "180+1"]
[Date "2021.06.22"]
[WhiteClock "0:01:02"]
[BlackClock "0:01:26"]

1. e4 c5 2. b3 d5 3. exd5 Qxd5 4. Nc3 Qd8 5. Bb2 Nc6 6. Bb5 Nf6 7. Qf3 Bd7 8. O-O-O e6 9. Qg3 a6 10. Bxc6 Bxc6 11. Nf3 Bd6 12. Qxg7 Rg8 13. Qh6 Rxg2 14. Nh4 Rxf2 15. Rhf1 Rxf1 16. Rxf1 Be5 17. Nd1 Ng4 18. Qxh7 Bxb2+ 19. Nxb2 Qe7 20. Qg8+ Qf8 21. Qxg4 O-O-O 22. Nc4 Qh6 23. Qf4 Qg7 24. Nb6# 1-0


[Site "https://www.chess.com"]

[Event "Titled Tuesday Blitz June 22 2021"]
[White "Rodchenkov, Sergey D."]
[Black "Bugayev, Vladimir"]
[WhiteFideId "4168712"]
[BlackFideId "30901480"]
[WhiteElo "2306"]
[BlackElo "2325"]
[Result "1-0"]
[Round "11"]
[TimeControl "180+1"]
[Date "2021.06.22"]
[WhiteClock "0:00:51"]
[BlackClock "0:00:03"]

1. Nf3 c5 2. c4 Nc6 3. g3 g6 4. Bg2 Bg7 5. O-O d6 6. Nc3 e5 7. d3 Nge7 8. a3 a5 9. Ne1 Be6 10. Nc2 d5 11. cxd5 Nxd5 12. Ne3 Nde7 13. a4 O-O 14. Nc4 Rb8 15. Nb5 Bd5 16. Bxd5 Qxd5 17. e4 Qe6 18. Be3 b6 19. Qe2 Rfd8 20. Rad1 Rb7 21. Kg2 Na7 22. Nxa7 Rxa7 23. f4 exf4 24. gxf4 f5 25. e5 Nd5 26. Bd2 Bf8 27. Qf3 Rad7 28. Kh1 Nc7 29. Bc3 Nd5 30. Bd2 Nc7 31. Bc3 Nd5 32. Rfe1 Rg7 33. Rg1 Rgd7 34. h3 Rg7 35. Rg3 Be7 36. Kh2 Bh4 37. Rg2 Be7 38. Be1 Bf8 39. h4 1-0


[Site "https://www.chess.com"]

[Event "Titled Tuesday Blitz June 22 2021"]
[White "Rojas Alarcon, Julian Antonio"]
[Black "Zhigalko, Sergei"]
[WhiteFideId "5107407"]
[BlackFideId "13502956"]
[WhiteElo "2333"]
[BlackElo "2662"]
[Result "0-1"]
[Round "11"]
[TimeControl "180+1"]
[Date "2021.06.22"]
[WhiteClock "0:00:55"]
[BlackClock "0:00:04"]

1. c4 e5 2. Nc3 Nf6 3. g3 c6 4. Nf3 d6 5. Bg2 Be7 6. d3 O-O 7. Rb1 a5 8. a3 h6 9. b4 axb4 10. axb4 Be6 11. b5 Nbd7 12. bxc6 bxc6 13. O-O Re8 14. h3 d5 15. cxd5 cxd5 16. Bb2 Qa5 17. Nd2 Rec8 18. Ra1 Qb6 19. Rxa8 Rxa8 20. Ba1 Nc5 21. Qb1 Qd8 22. Rc1 Rb8 23. Qc2 Qd7 24. Kh2 d4 25. Nce4 Nfxe4 26. Nxe4 Nxe4 27. dxe4 Qb5 28. Qd3 Qxd3 29. exd3 Ra8 30. f4 f6 31. fxe5 fxe5 32. Bb2 Ra2 33. Rc2 Bb4 34. Rc6 Kf7 35. Bc1 Bc3 36. Be3 Bd7 37. Rc7 Ke8 38. Bg1 Bb5 39. Rc5 Bxd3 40. Rxe5+ Kd7 41. h4 Bf1 0-1


[Site "https://www.chess.com"]

[Event "Titled Tuesday Blitz June 22 2021"]
[White "Rostovtsev, Dmitry"]
[Black "Garcia, Gabriel Gonzaga"]
[WhiteFideId "34278320"]
[BlackFideId "2138956"]
[WhiteElo "2143"]
[BlackElo "2240"]
[Result "1/2-1/2"]
[Round "11"]
[TimeControl "180+1"]
[Date "2021.06.22"]
[WhiteClock "0:00:11"]
[BlackClock "0:00:35"]

1. e4 c6 2. d4 d5 3. e5 Bf5 4. Nf3 e6 5. Be2 Ne7 6. O-O c5 7. Be3 Nec6 8. c4 cxd4 9. Nxd4 Nxd4 10. Bxd4 Nc6 11. Nc3 dxc4 12. Be3 Qxd1 13. Rfxd1 Nxe5 14. Nb5 Rc8 15. Nxa7 Rd8 16. Bb6 Rxd1+ 17. Rxd1 Nd3 18. b3 Bc5 19. Bxc5 Nxc5 20. Bxc4 Ke7 21. f3 Ra8 22. Nb5 Rxa2 23. b4 Rc2 24. Nd6 Nd7 25. Bb5 Ne5 26. Nxb7 Rb2 27. Rd4 h5 28. h4 Ng6 29. Nc5 e5 30. Rc4 Nf4 31. g3 Ne2+ 32. Kf1 Nxg3+ 33. Ke1 Be6 34. Nxe6 Kxe6 35. Bc6 Nf5 36. b5 Nd4 37. Rc5 f6 38. Kd1 Kd6 39. Rd5+ Kc7 40. Rd7+ Kb6 41. Rxg7 Nxc6 42. bxc6 Kxc6 43. Rg6 Rh2 44. Rxf6+ Kd5 45. Rf5 Rxh4 46. Ke2 Kd4 47. Rg5 Rh2+ 48. Kf1 Ke3 49. Rxe5+ Kxf3 50. Kg1 Ra2 51. Rxh5 Ra1+ 52. Kh2 Ra2+ 53. Kh3 Ra1 54. Kh2 Kg4 55. Rh8 Ra2+ 56. Kg1 Ra1+ 57. Kf2 Ra2+ 58. Ke3 Ra3+ 59. Kd4 Ra4+ 60. Kc5 Ra5+ 61. Kb6 Rg5 62. Rc8 Rg6+ 63. Kb5 Rg5+ 64. Kb4 Rf5 65. Kc3 Rf3+ 66. Kd2 Rf2+ 67. Ke3 Ra2 68. Rc3 Rg2 69. Rc4+ Kg3 70. Rc8 Ra2 71. Rg8+ Kh3 72. Kf4 Ra4+ 73. Kf5 Ra5+ 74. Kf6 Ra6+ 75. Ke5 Ra5+ 76. Kd4 Ra4+ 1/2-1/2


[Site "https://www.chess.com"]

[Event "Titled Tuesday Blitz June 22 2021"]
[White "Rozen, Eytan"]
[Black "Lu, Jason"]
[WhiteFideId "2816750"]
[BlackFideId "30938040"]
[WhiteElo "1963"]
[BlackElo "2365"]
[Result "1-0"]
[Round "11"]
[TimeControl "180+1"]
[Date "2021.06.22"]
[WhiteClock "0:00:06"]
[BlackClock "0:00:18"]

1. e4 c5 2. Nf3 d6 3. b3 Nf6 4. e5 dxe5 5. Nxe5 e6 6. Bb5+ Bd7 7. Nxd7 Nbxd7 8. O-O Be7 9. Bb2 O-O 10. Re1 a6 11. Be2 Qc7 12. Bf3 Bd6 13. g3 Be5 14. Bxe5 Nxe5 15. Bxb7 Rad8 16. Bg2 Qd6 17. Qe2 Nc6 18. Qxa6 Nd4 19. Qxd6 Rxd6 20. Na3 Ra6 21. c3 Rxa3 22. cxd4 cxd4 23. b4 Rb8 24. Reb1 Nd7 25. b5 Kf8 26. Rb4 e5 27. Bd5 Ke7 28. Rc1 Rb6 29. Rc6 f6 30. h4 h6 31. h5 Kd8 32. Be6 Rxc6 33. bxc6 Nc5 34. Bd5 Kc7 35. Rb5 Na6 36. Rb7+ Kd6 37. Rd7+ Kc5 38. Be4 Rxa2 39. Ra7 Kb6 40. c7 Ra1+ 41. Kg2 Rc1 42. Rb7+ Ka5 43. c8=Q Rxc8 44. Rxg7 Nc5 45. Bd5 Rd8 46. Bc4 Kb4 47. Be2 d3 48. Bf3 e4 49. Bd1 Nb3 50. Rb7+ Kc4 51. Rxb3 Ra8 52. Rc3+ Kd4 53. Bb3 Ra3 54. Rc4+ Ke5 55. Rc5+ Kd6 56. Rb5 Ra1 57. Bd5 Rd1 58. Bxe4 Rxd2 59. Rd5+ Ke6 60. Rxd3 Re2 61. Re3 Rd2 62. Bg6+ Kd7 63. Kf3 Rb2 64. g4 Rb4 65. Kg3 Rb2 66. f4 Rb4 67. Bf5+ Kd6 68. Re6+ Kd5 69. Rxf6 Rb3+ 70. Kh4 Rb4 71. Rxh6 Rxf4 72. Kg5 Ke5 73. Re6+ 1-0


[Site "https://www.chess.com"]

[Event "Titled Tuesday Blitz June 22 2021"]
[White "Rustemov, Alexander"]
[Black "Sellitti, Federico"]
[WhiteFideId "4119002"]
[BlackFideId "821829"]
[WhiteElo "2780"]
[BlackElo "2584"]
[Result "1/2-1/2"]
[Round "11"]
[TimeControl "180+1"]
[Date "2021.06.22"]
[WhiteClock "0:00:20"]
[BlackClock "0:00:05"]

1. d4 d5 2. c4 Nc6 3. Nf3 Bg4 4. cxd5 Bxf3 5. gxf3 Qxd5 6. e3 e5 7. Nc3 Bb4 8. Bd2 Bxc3 9. bxc3 Nf6 10. Qb3 Qxb3 11. axb3 exd4 12. cxd4 O-O 13. Bg2 a5 14. O-O Nb4 15. Rxa5 Rxa5 16. Bxb4 Rb5 17. Bxf8 Kxf8 18. Rb1 Nd5 19. Bf1 Rb4 20. Bd3 h6 21. Kf1 Ke7 22. Ke1 Kd6 23. Kd2 Rb6 24. Bc4 f5 25. h4 Ne7 26. h5 c5 27. dxc5+ Kxc5 28. Rg1 g6 29. hxg6 Rxg6 30. Rh1 Rd6+ 31. Ke2 b5 32. Bd3 Kb4 33. f4 Rb6 34. Bc2 Kc3 35. Bd1 Rd6 36. Rg1 Nd5 37. Kf3 Nb4 38. Be2 Rd5 39. Rh1 Kxb3 40. Rxh6 Na2 41. e4 fxe4+ 42. Kxe4 Nc3+ 43. Ke3 Rd8 44. Bg4 b4 45. Be6+ Kc2 46. Bf5+ Kc1 47. Rh1+ Kb2 48. Be6 b3 49. f5 Kc2 50. f6 Re8 51. Kf4 Rxe6 52. Kf5 Re8 53. f7 Rf8 54. Ke6 b2 55. f4 Nd1 56. Rh2+ Kc1 57. Rxb2 Nxb2 58. Ke7 Rxf7+ 59. Kxf7 Nc4 60. Ke6 Ne3 61. Ke5 Kd2 62. Ke4 Ke2 63. Ke5 Kf3 64. f5 Nxf5 1/2-1/2


[Site "https://www.chess.com"]

[Event "Titled Tuesday Blitz June 22 2021"]
[White "Sawlin, Leonid"]
[Black "Zong, Davis"]
[WhiteFideId "4689542"]
[BlackFideId "30903955"]
[WhiteElo "2412"]
[BlackElo "2378"]
[Result "1/2-1/2"]
[Round "11"]
[TimeControl "180+1"]
[Date "2021.06.22"]
[WhiteClock "0:01:16"]
[BlackClock "0:00:17"]

1. h4 e5 2. h5 d5 3. d4 e4 4. c4 c6 5. Nc3 h6 6. Bf4 Nf6 7. e3 Be6 8. f3 Bb4 9. Ne2 Nbd7 10. Kf2 O-O 11. fxe4 dxe4 12. Ng3 Bxc3 13. bxc3 Nb6 14. c5 Nbd5 15. Bd6 Ng4+ 16. Kg1 Ndxe3 17. Qd2 Re8 18. Be2 f5 19. Rb1 b5 20. Bxg4 Nxg4 21. Qf4 Bxa2 22. Re1 Qf6 23. Nxf5 Be6 24. Ne7+ Kh8 25. Qxf6 Nxf6 26. Nxc6 a5 27. Ra1 Bd5 28. Nxa5 e3 29. Kh2 Ne4 30. Be5 Nf2 31. Rhe1 Ng4+ 32. Kg3 Nxe5 33. dxe5 Rxe5 34. Kf4 Re4+ 35. Kg3 Ra4 36. Rxa4 bxa4 37. c4 Rxa5 38. cxd5 Rxc5 39. Rxe3 Rxd5 40. Re8+ Kh7 41. Ra8 Rd3+ 42. Kf2 a3 43. g4 Rb3 44. Kg2 Rb2+ 45. Kg3 a2 46. Kf3 Rc2 47. Kf4 Rb2 48. Kf3 Rb3+ 49. Kf4 Rb2 50. Kf3 1/2-1/2


[Site "https://www.chess.com"]

[Event "Titled Tuesday Blitz June 22 2021"]
[White "Seo, Jung Min"]
[Black "Gelman, Alexander"]
[WhiteFideId "1734687"]
[BlackFideId "4118316"]
[WhiteElo "2486"]
[BlackElo "2375"]
[Result "1-0"]
[Round "11"]
[TimeControl "180+1"]
[Date "2021.06.22"]
[WhiteClock "0:00:04"]
[BlackClock "0:00:04"]

1. Nf3 Nf6 2. d4 c5 3. d5 e6 4. c4 b5 5. dxe6 fxe6 6. cxb5 d5 7. Nc3 Bb7 8. e4 d4 9. e5 Nfd7 10. Na4 Be7 11. Bc4 Nf8 12. O-O Nbd7 13. Re1 Nb6 14. b3 Nxc4 15. bxc4 Ng6 16. Ba3 Rc8 17. Nd2 O-O 18. f3 Bh4 19. Nxc5 Rxc5 20. Bxc5 Rf5 21. Bd6 Nf4 22. Ne4 Bxe1 23. Qxe1 d3 24. Qe3 Qh4 25. Ng3 Rg5 26. Qxa7 Bxf3 27. Qb8+ Kf7 28. Qf8+ Kg6 29. Qe8+ Kh6 30. Be7 Ne2+ 31. Kf1 Qxh2 32. Bxg5+ Kxg5 33. Qe7+ Kf4 34. Qf7+ Kxg3 35. Qxf3+ Kh4 36. Qh3+ Qxh3 37. gxh3 Kxh3 38. Ke1 g5 39. b6 g4 40. b7 g3 41. b8=Q g2 42. Kd2 1-0


[Site "https://www.chess.com"]

[Event "Titled Tuesday Blitz June 22 2021"]
[White "Seul, Georg"]
[Black "Majer, Damir"]
[WhiteFideId "4601653"]
[BlackFideId "4615689"]
[WhiteElo "2332"]
[BlackElo "2324"]
[Result "1-0"]
[Round "11"]
[TimeControl "180+1"]
[Date "2021.06.22"]
[WhiteClock "0:00:22"]
[BlackClock "0:00:06"]

1. e4 e6 2. d4 d5 3. e5 c5 4. c3 Qb6 5. Nf3 cxd4 6. cxd4 Bd7 7. Nc3 Bb4 8. Bd3 Bb5 9. O-O Bxd3 10. Qxd3 Ne7 11. Bd2 Nbc6 12. Na4 Qa5 13. Bxb4 Qxa4 14. Bc5 b6 15. b3 Qa5 16. Bd6 Nf5 17. Rfc1 Nd8 18. a4 Nxd6 19. exd6 O-O 20. Ne5 f6 21. Nd7 Rf7 22. Rc7 Qb4 23. Qg3 Qxd4 24. Rac1 e5 25. Nxf6+ Kh8 26. Ne8 e4 27. h4 1-0


[Site "https://www.chess.com"]

[Event "Titled Tuesday Blitz June 22 2021"]
[White "Shahade, Gregory"]
[Black "Terry, Renato"]
[WhiteFideId "2009064"]
[BlackFideId "3803457"]
[WhiteElo "2719"]
[BlackElo "2581"]
[Result "1-0"]
[Round "11"]
[TimeControl "180+1"]
[Date "2021.06.22"]
[WhiteClock "0:00:10"]
[BlackClock "0:00:01"]

1. e4 c6 2. Nc3 d5 3. Nf3 g6 4. d4 Bg7 5. h3 Nh6 6. Bd3 f6 7. O-O Nf7 8. Re1 O-O 9. exd5 cxd5 10. Bf4 Nc6 11. Bh2 e5 12. Bf1 e4 13. Nd2 f5 14. Nb3 g5 15. f3 Re8 16. Kh1 a6 17. fxe4 dxe4 18. Bc4 Ne7 19. Qh5 Ng6 20. Be5 Be6 21. Bxe6 Rxe6 22. Bxg7 Kxg7 23. d5 Nf4 24. Qd1 Rh6 25. Nd4 Qf6 26. Rf1 Re8 27. Nce2 Rh4 28. Nxf4 gxf4 29. Ne6+ Rxe6 30. dxe6 Qxe6 31. Qd4+ Kg6 32. Rad1 f3 33. Rxf3 exf3 34. Qxh4 fxg2+ 35. Kh2 Ng5 36. Qg3 f4 37. Qxg2 Qe5 38. Rd5 Qf6 39. h4 f3 40. Qxg5+ Qxg5 41. Rxg5+ 1-0


[Site "https://www.chess.com"]

[Event "Titled Tuesday Blitz June 22 2021"]
[White "Shevtchenko, Olesya"]
[Black "Weetik, Vjacheslav"]
[WhiteFideId "24131890"]
[BlackFideId "4153472"]
[WhiteElo "2003"]
[BlackElo "2469"]
[Result "0-1"]
[Round "11"]
[TimeControl "180+1"]
[Date "2021.06.22"]
[WhiteClock "0:00:21"]
[BlackClock "0:00:07"]

1. e4 d5 2. exd5 Qxd5 3. Nc3 Qd6 4. d4 Nf6 5. Nf3 c6 6. h3 g6 7. Bd3 Bg7 8. Ne4 Nxe4 9. Bxe4 Nd7 10. c3 O-O 11. O-O c5 12. dxc5 Qxc5 13. Be3 Qc7 14. Qb3 Nf6 15. Bd3 b6 16. Qc4 Qb7 17. Ng5 Bd7 18. Qa6 Qc7 19. Qc4 Bc6 20. Rfd1 Qb7 21. Bf1 h6 22. Nf3 Bxf3 23. gxf3 Rad8 24. Bg2 e6 25. Qh4 g5 26. Qg3 Qe7 27. f4 Nh5 28. Qg4 Nxf4 29. Bxf4 gxf4 30. Qxf4 Qc5 31. Qf3 Kh8 32. Rxd8 Rxd8 33. Rd1 Rxd1+ 34. Qxd1 Be5 35. Qd8+ Kg7 36. Qd3 Qe7 37. Qe3 Qf6 38. Qf3 Qg5 39. Qg4 f5 40. Qxg5+ hxg5 41. f3 Bf4 42. Kf1 Bc1 43. b3 Bb2 44. c4 Kf6 45. Ke2 Ke5 46. Ke3 Bc1+ 47. Ke2 Kd4 48. Kd1 Bf4 49. Ke2 Kc3 50. Bf1 Kb2 51. Kd3 Kxa2 52. b4 a5 53. c5 axb4 54. cxb6 b3 55. Kc3 b2 56. Bc4+ Ka1 57. Bd3 b1=Q 58. Bxb1 Kxb1 59. Kc4 Kc2 60. Kc5 Kd3 61. Kc6 Ke3 62. h4 gxh4 63. Kd7 h3 64. Kxe6 h2 65. b7 Bb8 66. f4 h1=Q 67. Kxf5 Qxb7 68. Ke6 Qe4+ 69. Kf7 Bxf4 70. Kf6 Qe5+ 71. Kg6 Qg5+ 72. Kf7 Qh6 73. Ke7 Be5 74. Kd7 Qd6+ 75. Ke8 Qc7 76. Kf8 Bf6 77. Kg8 Qg7# 0-1


[Site "https://www.chess.com"]

[Event "Titled Tuesday Blitz June 22 2021"]
[White "Shimelkov, Vasiliy"]
[Black "Janaszak, Dawid"]
[WhiteFideId "13701630"]
[BlackFideId "1119206"]
[WhiteElo "2073"]
[BlackElo "2332"]
[Result "1-0"]
[Round "11"]
[TimeControl "180+1"]
[Date "2021.06.22"]
[WhiteClock "0:00:47"]
[BlackClock "0:00:09"]

1. d4 Nf6 2. c4 e6 3. Nf3 b6 4. g3 Bb7 5. Bg2 a5 6. O-O Be7 7. Qc2 O-O 8. Nc3 Na6 9. e4 Nb4 10. Qb1 d6 11. a3 Nc6 12. Rd1 Qe8 13. b3 e5 14. d5 Nb8 15. Bb2 Na6 16. Nh4 g6 17. Bc1 Nh5 18. Nf3 f5 19. Bh6 Rf7 20. b4 Bc8 21. Qb3 f4 22. Na4 Bd7 23. b5 Nc5 24. Nxc5 bxc5 25. a4 Bg4 26. h3 Bxf3 27. Bxf3 fxg3 28. fxg3 Bf8 29. Bxf8 Qxf8 30. Bg4 Ng7 31. Rf1 h5 32. Be2 Qe7 33. Rxf7 Kxf7 34. Rf1+ Kg8 35. Qe3 Rf8 36. Qd2 Ra8 37. Qh6 Rf8 38. Rxf8+ Kxf8 39. Qxg6 Qf7 40. Qg5 Qe7 41. Qh6 Ke8 42. Bxh5+ Nxh5 43. Qxh5+ Kd7 44. Qf5+ Kd8 45. h4 Qe8 46. h5 Qg8 47. Kg2 Qg7 48. Kf3 Qh6 49. Kg4 Qc1 50. Qg5+ 1-0


[Site "https://www.chess.com"]

[Event "Titled Tuesday Blitz June 22 2021"]
[White "Shyaamnikhil P"]
[Black "Rorrer, Grayson"]
[WhiteFideId "5024218"]
[BlackFideId "30944996"]
[WhiteElo "2300"]
[BlackElo "2546"]
[Result "1-0"]
[Round "11"]
[TimeControl "180+1"]
[Date "2021.06.22"]
[WhiteClock "0:00:33"]
[BlackClock "0:00:01"]

1. e3 Nf6 2. g4 d5 3. g5 Ne4 4. h4 h5 5. c4 c6 6. d3 Nc5 7. d4 Ne4 8. Nc3 Bf5 9. Qb3 Qb6 10. cxd5 Nxc3 11. bxc3 Be4 12. f3 Bxd5 13. c4 Be6 14. Ne2 Nd7 15. Nf4 Bf5 16. c5 Qxb3 17. axb3 e5 18. e4 Bh7 19. Nd3 exd4 20. b4 a5 21. Bb2 Be7 22. Bxd4 O-O 23. Rxa5 Rxa5 24. bxa5 Ra8 25. Nf4 Rxa5 26. Nxh5 Bxc5 27. Bxg7 Bg6 28. Nf6+ Nxf6 29. Bxf6 Bh5 30. Be2 Ra2 31. g6 b5 32. g7 Ba3 33. Rg1 Bb2 34. Bxb2 Rxb2 35. Rg5 Bg6 36. h5 Bh7 37. h6 f6 38. Rc5 Bg6 39. Rxc6 Bf7 40. Rxf6 b4 41. Rxf7 Rxe2+ 1-0


[Site "https://www.chess.com"]

[Event "Titled Tuesday Blitz June 22 2021"]
[White "Skliarov, Viktor"]
[Black "Rosenberg, Evan S"]
[WhiteFideId "14106736"]
[BlackFideId "2019299"]
[WhiteElo "2344"]
[BlackElo "2355"]
[Result "1-0"]
[Round "11"]
[TimeControl "180+1"]
[Date "2021.06.22"]
[WhiteClock "0:00:23"]
[BlackClock "0:00:15"]

1. e4 e5 2. Nc3 Nc6 3. Bc4 Nf6 4. d3 Na5 5. Nge2 Nxc4 6. dxc4 Bb4 7. O-O Bxc3 8. Nxc3 h6 9. f4 d6 10. c5 O-O 11. fxe5 dxe5 12. Qxd8 Rxd8 13. Bxh6 Ng4 14. Bg5 f6 15. Bc1 Kh7 16. Nb5 c6 17. Nd6 b6 18. h3 Nh6 19. Bxh6 gxh6 20. Rxf6 bxc5 21. Raf1 Ba6 22. c4 Rd7 23. b3 Rad8 24. Nf5 Bc8 25. Rxh6+ Kg8 26. Rxc6 Rh7 27. Rxc5 Bxf5 28. Rxf5 Rd2 29. Rf2 Rd1+ 30. Kh2 Re7 31. Rf5 Rd2 32. Rcxe5 Rxe5 33. Rxe5 Rxa2 34. Re7 a5 35. Ra7 Ra3 36. c5 Rxb3 37. c6 Rc3 38. c7 Rxc7 39. Rxc7 a4 40. Ra7 a3 41. Rxa3 Kf7 42. Ra6 Ke7 43. Kg3 Kd7 44. Kf4 Kc7 45. Rf6 Kb7 46. e5 Kc7 47. Rd6 Kb7 48. Ke4 Kc7 49. Kd5 Kb7 50. Kc5 Kc7 51. e6 Kb7 52. Rd7+ Kc8 53. Kb6 Kb8 54. Rd8# 1-0


[Site "https://www.chess.com"]

[Event "Titled Tuesday Blitz June 22 2021"]
[White "Sokolovsky, Yahli"]
[Black "Wilson, Elvin"]
[WhiteFideId "2820242"]
[BlackFideId "2014874"]
[WhiteElo "1770"]
[BlackElo "2326"]
[Result "0-1"]
[Round "11"]
[TimeControl "180+1"]
[Date "2021.06.22"]
[WhiteClock "0:00:03"]
[BlackClock "0:00:05"]

1. b3 e5 2. Bb2 Nc6 3. e3 Nf6 4. Bb5 Bd6 5. Na3 a6 6. Bxc6 dxc6 7. Nc4 e4 8. d3 exd3 9. cxd3 O-O 10. Nf3 Re8 11. O-O Bf8 12. Qc2 Bg4 13. Nfe5 Bf5 14. e4 Be6 15. Rad1 Nd7 16. f4 Nxe5 17. Nxe5 f6 18. Nf3 Bf7 19. e5 f5 20. d4 Qd7 21. Nd2 Bd5 22. Nc4 Be4 23. Qf2 Rad8 24. Ne3 g6 25. h3 h5 26. Kh2 Bh6 27. Rg1 Rf8 28. Qh4 Kh7 29. Rdf1 Rde8 30. Rf2 Qd8 31. Qxd8 Rxd8 32. h4 Rd7 33. Kg3 Rfd8 34. b4 Kg7 35. d5 Rxd5 36. Nxd5 Rxd5 37. Re1 Kf7 38. Ree2 Bf8 39. a3 Ke6 40. Rd2 b6 41. Rfe2 c5 42. Rxd5 Bxd5 43. Bc3 c4 44. Rd2 c6 45. Kf2 Be7 46. g3 c5 47. Ke3 b5 48. Ke2 a5 49. bxa5 b4 50. axb4 cxb4 51. Bd4 c3 52. Rd1 Bc4+ 53. Ke3 c2 54. Rc1 b3 55. Bb2 Bc5+ 56. Kd2 Bb4+ 57. Ke3 Bc5+ 58. Kf3 Bd5+ 59. Ke2 Bc4+ 60. Ke1 Kd5 61. Bc3 Ba3 62. Kd2 Bxc1+ 63. Kxc1 Ke4 64. Kb2 Kd3 65. e6 Bxe6 66. a6 Bd5 67. a7 c1=Q+ 68. Kxc1 Kxc3 69. Kb1 b2 70. g4 Be4+ 0-1


[Site "https://www.chess.com"]

[Event "Titled Tuesday Blitz June 22 2021"]
[White "Solon, Nathan"]
[Black "Marcziter, Dmitrii"]
[WhiteFideId "2017229"]
[BlackFideId "13900765"]
[WhiteElo "2608"]
[BlackElo "2155"]
[Result "1-0"]
[Round "11"]
[TimeControl "180+1"]
[Date "2021.06.22"]
[WhiteClock "0:00:21"]
[BlackClock "0:00:02"]

1. d4 Nf6 2. c4 g6 3. g3 Bg7 4. Bg2 O-O 5. Nc3 d6 6. Nf3 c6 7. e4 Qa5 8. O-O Qh5 9. Nh4 Bg4 10. Qb3 Bc8 11. h3 a6 12. Be3 Qa5 13. f4 e5 14. fxe5 dxe5 15. d5 cxd5 16. cxd5 Nh5 17. Kh2 Nd7 18. d6 Nhf6 19. Rad1 Nc5 20. Qc4 Ne6 21. Nd5 Nxd5 22. Rxd5 b5 23. Qb3 Bb7 24. Rdd1 Nd4 25. Bxd4 exd4 26. Rf2 Qb6 27. Rdf1 Qxd6 28. Rxf7 Kh8 29. Rxb7 Rxf1 30. Bxf1 Rf8 31. Qd3 Qf6 32. Bg2 Qf2 33. Nf3 Qxb2 34. e5 Qxa2 35. e6 Qxe6 36. Nxd4 Qd6 37. Rxg7 Rd8 38. Ra7 Qxd4 39. Qxd4+ Rxd4 40. Rxa6 b4 41. Rb6 Kg7 42. Rb7+ Kh6 43. h4 Rc4 44. Kh3 Rd4 45. Bc6 Rc4 46. Bd5 Rd4 47. Bg8 1-0


[Site "https://www.chess.com"]

[Event "Titled Tuesday Blitz June 22 2021"]
[White "Sonis, Francesco"]
[Black "Gritsenko, Nikolai"]
[WhiteFideId "895733"]
[BlackFideId "14112493"]
[WhiteElo "2373"]
[BlackElo "2389"]
[Result "1-0"]
[Round "11"]
[TimeControl "180+1"]
[Date "2021.06.22"]
[WhiteClock "0:01:28"]
[BlackClock "0:00:28"]

1. d4 g6 2. Nf3 Bg7 3. g3 d5 4. c4 Nf6 5. cxd5 Nxd5 6. Bg2 O-O 7. O-O Nb6 8. Nc3 Nc6 9. d5 Nb8 10. e4 c6 11. Bf4 Bg4 12. h3 Bxf3 13. Bxf3 N8d7 14. dxc6 bxc6 15. Bg2 Ne5 16. Qb3 Rb8 17. Rad1 Qc8 18. Qc2 h6 19. b3 g5 20. Be3 Ng6 21. Ne2 Qc7 22. Nd4 Bxd4 23. Bxd4 Rbd8 24. Ba1 e5 25. Bf3 f6 26. Bh5 Ne7 27. Bg4 Rxd1 28. Rxd1 Rd8 29. Rc1 Qd6 30. Bc3 c5 31. Bb2 Qd2 32. Ba3 Qxc2 33. Rxc2 c4 34. Bxe7 1-0


[Site "https://www.chess.com"]

[Event "Titled Tuesday Blitz June 22 2021"]
[White "Spata, German"]
[Black "Siva Mahadevan"]
[WhiteFideId "113026"]
[BlackFideId "25043153"]
[WhiteElo "2238"]
[BlackElo "2203"]
[Result "0-1"]
[Round "11"]
[TimeControl "180+1"]
[Date "2021.06.22"]
[WhiteClock "0:00:32"]
[BlackClock "0:01:39"]

1. Nf3 Nf6 2. e3 g6 3. b4 Bg7 4. Bb2 O-O 5. Be2 d6 6. O-O e5 7. d3 a5 8. b5 a4 9. c4 Nbd7 10. a3 Nc5 11. Nbd2 Re8 12. e4 Nh5 13. g3 Bh3 14. Re1 h6 15. Bc3 Qd7 16. Bb4 b6 17. Nh4 Nf6 18. Ng2 Ne6 19. Bc3 Nh7 20. Nh4 h5 21. Nf1 Bf6 22. Ng2 Bg5 23. Nfe3 Rf8 24. Nd5 Rae8 25. f4 Bxg2 26. fxg5 Bh3 27. Bxh5 gxh5 28. Qxh5 Nexg5 29. Qxg5+ Nxg5 30. Nf6+ Kg7 31. Nxd7 Bxd7 32. Kf2 f5 0-1


[Site "https://www.chess.com"]